 Dungeon Crawl Stone Soup version 0.31-a0-1626-g5cb510d322 (webtiles) character file.

Game seed: 4816137715571872236

13591 anacleto the Mimic (level 11, 0/107 HPs)
             Began as a Troll Shapeshifter on Jan 12, 2024.
             Was a Priest of the Shining One.
             Slain by an ogre
             ... wielding a +0 giant club
              (21 damage)
             ... on level 11 of the Dungeon.
             The game lasted 00:24:38 (11294 turns).

anacleto the Mimic (Troll Shapeshifter)            Turns: 11294, Time: 00:24:40

Health: 0/107      AC: 11    Str: 28    XL:     11   Next: 77%
Magic:  14/14      EV: 11    Int:  6    God:    the Shining One [***...]
Gold:   360        SH:  8    Dex:  9    Spells: 10/10 levels left

rFire   . .          .
                       - Unarmed
rCold   + . .        (no shield)
rNeg    + . .        f - +0 steam dragon scales
rPois   .            (helmet currently unavailable)
rElec   .            (cloak currently unavailable)
rCorr   .            (gloves unavailable)
SInv    .            (boots unavailable)
Will    .....        (no amulet)
Stlth   +            e - +4 ring of protection
HPRegen 1.17/turn    y - ring of protection from cold
MPRegen 0.14/turn

%: no passive effects
@: divinely shielded, beast-form, glowing, studying Stealth
A: beast (slay +4), large, unfitting armour, claws 3, regeneration 1, shaggy fur
1, tough skin 1
a: Begin Untransformation, Renounce Religion, Divine Shield, Cleansing Flame


You were on level 11 of the Dungeon.
You worshipped the Shining One.
The Shining One was most pleased with you.
You were a hulking beast.
You visited 2 branches of the dungeon, and saw 13 of its levels.

You collected 816 gold pieces.
You spent 456 gold pieces at shops.

Inventory:

Missiles
 h - 8 javelins
 m - 24 poisoned darts
 v - 4 large rocks
 x - a throwing net
 C - 10 boomerangs (quivered)
 E - 4 atropa-tipped darts
Armour
 f - +0 steam dragon scales (worn)
Jewellery
 e - a +4 ring of protection (left claw)
 y - a ring of protection from cold (right claw)
 D - a +6 ring of intelligence
 I - a ring of flight
Talismans
 c - a beast talisman (active)
 d - a flux talisman
Wands
 A - a wand of flame (32)
 G - a wand of polymorph (9)
Scrolls
 a - a scroll of enchant weapon
 i - 2 scrolls of amnesia
 q - 2 scrolls of revelation
 r - a scroll of immolation
 s - 3 scrolls of noise
 t - 2 scrolls of poison {unknown}
 F - 3 scrolls of teleportation
 H - a scroll of enchant armour {unknown}
 L - a scroll of vulnerability {unknown}
Potions
 b - 2 potions of lignification
 j - a potion of attraction
 k - a potion of invisibility {unknown}
 l - a potion of ambrosia {unknown}
 n - a potion of berserk rage {unknown}
 o - a potion of heal wounds {unknown}
 p - 4 potions of mutation
 w - a potion of enlightenment {unknown}
 z - 3 potions of curing {unknown}
 J - a potion of brilliance


   Skills:
 + Level 6.6 Fighting
 + Level 4.2 Throwing
 + Level 6.7 Dodging
 + Level 8.3 Unarmed Combat
 + Level 5.8 Invocations
 * Level 10.6 Shapeshifting


You had 10 spell levels left.
You didn't know any spells.
Your spell library contained the following spells:

 Spells                   Type           Power      Damage    Failure   Level
 Apportation              Tloc           0%         N/A       45%         1
 Magic Dart               Conj           0%         1d3       45%         1
 Necrotise                Necr           0%         1d4       45%         1
 Slow                     Hex            0%         N/A       45%         1
 Sting                    Conj/Alch      0%         1d3       45%         1
 Summon Small Mammal      Summ           0%         N/A       45%         1
 Ensorcelled Hibernation  Hex/Ice        0%         N/A       58%         2
 Jinxbite                 Hex            0%         N/A       58%         2
 Lesser Beckoning         Tloc           0%         N/A       58%         2
 Mercury Vapours          Alch/Air       0%         N/A       58%         2
 Searing Ray              Conj           0%         2d4       58%         2
 Sublimation of Blood     Necr           0%         N/A       58%         2
 Confusing Touch          Hex            0%         N/A       83%         3
 Dazzling Flash           Conj/Hex       0%         N/A       83%         3
 Gell's Gravitas          Tloc           0%         N/A       83%         3
 Passwall                 Erth           0%         N/A       83%         3
 Sigil of Binding         Hex            0%         N/A       83%         3
 Swiftness                Air            0%         N/A       83%         3
 Teleport Other           Tloc           0%         N/A       83%         3
 Vampiric Draining        Necr           0%         2d6       83%         3
 Volatile Blastmotes      Fire/Tloc      0%         2d10      83%         3
 Anguish                  Hex/Necr       0%         N/A       99%         4
 Cause Fear               Hex            0%         N/A       99%         4
 Fulminant Prism          Conj/Alch      0%         3d5       99%         4
 Olgreb's Toxic Radiance  Alch           0%         N/A       99%         4
 Petrify                  Alch/Erth      0%         N/A       99%         4
 Alistair's Intoxication  Alch           0%         N/A       100%        5
 Irradiate                Conj/Alch      0%         3d11      100%        5
 Starburst                Conj/Fire      0%         6d3       100%        6
 Enfeeble                 Hex            0%         N/A       100%        7
 Maxwell's Capacitive Co  Air            0%         ∞         100%        8


Dungeon Overview and Level Annotations

Branches:
Dungeon (12/15)            Temple (0/1) D:5            Lair (0/5) D:9
    Orc (1/2) D:10

Altars:
Cheibriados
Dithmenos
Elyvilon
Gozag
Hepliaklqana
Makhleb
Nemelex Xobeh
Okawaru
Vehumet
Wu Jian
The Shining One

Shops:
D:2 (   D:6 :   D:7 *:   D:9 *   D:11 (   Orc:1 *

Annotations:
D:8 3 runed translucent doors, soberseth's ghost, novice FeSu
Orc:1 Sonja


Innate Abilities, Weirdness & Mutations

You are a hulking beast.
Your limbs bulge with bestial killing power. (Slay +4)
You are too large for most types of armour.
You have claws for hands.
Your natural rate of healing is unusually fast.
You are covered in fur. (AC +1)
You have tough skin. (AC +1)


Message History

There is a stone staircase leading down, spattered with blood here.
A divine shield forms around you!
You climb downwards.
The two-headed ogre shouts in stereo!
The ogre shouts!
You block the ogre's attack.
There is a stone staircase leading up, spattered with blood here.
You block the ogre's attack.
You climb upwards.
There is a stone staircase leading down, spattered with blood here.
You claw the ogre!
The ogre is heavily wounded.
You mangle the ogre!!
You kill the ogre!
Things that are here:
a +0 giant club; an ogre corpse You start resting.
Magic restored.
There is a stone staircase leading down, spattered with blood here.
You climb downwards.
A two-headed ogre comes into view.
It is wielding a +0 giant spiked club and a +0 giant club.
The ogre barely misses you.
The two-headed ogre hits you with a +0 giant club!
The two-headed ogre hits you with a +0 giant spiked club!!
There is a stone staircase leading up, spattered with blood here.
The ogre mage casts a spell.
The ogre mage flickers and vanishes for a moment.
The ogre barely misses you. The two-headed ogre barely misses you.
The two-headed ogre hits you with a +0 giant spiked club!!
You climb upwards.
There is a stone staircase leading down, spattered with blood here.
Unknown command.
You claw the two-headed ogre!
The two-headed ogre is moderately wounded.
You mangle the two-headed ogre!!
The two-headed ogre is heavily wounded.
The two-headed ogre hits you with a +0 giant club!!
The two-headed ogre hits you with a +0 giant spiked club!
* * * LOW HITPOINT WARNING * * *
The ogre hits you with a +0 giant club!!
You die...

####..#..#..#...## ##
####....###^.#.##..#####.
#....#### ##.#...........
####
##.##########..##........#
...#####..#
#.....##............
##.......##
#.....#..########...
######### #.......## ####
#..)).### # #.Oh).#
#.O...# #.....# #.....#
#######


You could see a two-headed ogre and an ogre.

Vanquished Creatures
  Erolcha (D:10)
  2 two-headed ogres
  A deep elf pyromancer (D:11)
  3 ugly things
  A cyclops (D:12)
  A manticore (D:11)
  A gargoyle (D:11)
  An unseen horror (D:11)
  A komodo dragon (D:7)
  Psyche (D:12)
  3 kobold demonologists
  A troll (D:11)
  A hornet (D:9)
  Grinder (D:3)
  2 wyverns
  A wraith (D:9)
  2 vampires
  4 yaks (D:9)
  2 steam dragons (D:6)
  Menkaure (D:7)
  An acid dragon (D:11)
  4 water moccasins
  A sky beast (D:7)
  Duvessa (D:7)
  2 ice beasts (D:5)
  4 black bears
  2 orc warriors (D:8)
  5 ogres
  5 centaurs
  5 kobold brigands
  10 bullfrogs
  A gnoll sergeant (D:7)
  4 scorpions
  3 wights (D:6)
  Dowan (D:7)
  9 killer bees
  5 howler monkeys
  2 hounds
  2 jellies
  9 orc priests
  A sleepcap (D:8)
  3 gnoll boudas
  3 iguanas
  11 orc wizards
  16 gnolls
  8 adders
  2 shadow imps
  2 white imps (D:7)
  3 ufetubi (D:6)
  5 dart slugs
  A ribbon worm (D:3)
  23 orcs
  6 ball pythons
  4 endoplasms
  5 giant cockroaches
  8 hobgoblins
  4 jackals (D:4)
  19 kobolds
  3 quokkas
  3 training dummies (D:11)
  10 bats
  8 frilled lizards
  4 goblins
  4 rats
263 creatures vanquished.

Notes
Turn   | Place    | Note
-------+----------+-------------------------------------------
     0 | D:1      | anacleto the Troll Shapeshifter began the quest for the
                  | Orb.
     0 | D:1      | Reached XP level 1. HP: 18/18 MP: 0/0
    24 | D:1      | Reached skill level 1 in Fighting
    24 | D:1      | Reached XP level 2. HP: 26/27 MP: 1/1
   264 | D:1      | Reached XP level 3. HP: 33/33 MP: 2/2
   327 | D:1      | Found a faded altar of an unknown god.
   437 | D:1      | You fall into a shaft and drop 1 floor!
   450 | D:2      | Found Gubeer's Antique Weapon Shoppe.
   625 | D:2      | Reached XP level 4. HP: 36/41 MP: 3/3
   904 | D:3      | Noticed Grinder
   904 | D:3      | Paralysed by Grinder for 3 turns
  1382 | D:3      | Found an ornate altar of the Wu Jian Council.
  1498 | D:3      | Paralysed by Grinder for 5 turns
  1504 | D:3      | Killed Grinder
  1505 | D:3      | Reached skill level 4 in Shapeshifting
  1505 | D:3      | Reached XP level 5. HP: 31/49 MP: 4/4
  1505 | D:3      | Reached XP level 6. HP: 37/57 MP: 5/5
  2607 | D:4      | Found a glowing golden altar of the Shining One.
  2660 | D:4      | Became a worshipper of the Shining One
  3191 | D:5      | Entered Level 5 of the Dungeon
  3225 | D:5      | Found a staircase to the Ecumenical Temple.
  3242 | D:5      | Noticed an ice beast
  3250 | D:5      | Killed an ice beast
  3251 | D:5      | Reached skill level 5 in Shapeshifting
  3372 | D:5      | Reached XP level 7. HP: 66/66 MP: 6/6
  4031 | D:5      | Reached skill level 5 in Unarmed Combat
  4298 | D:6      | Found a shadowy altar of Dithmenos.
  4303 | D:6      | Found a burning altar of Makhleb.
  4303 | D:6      | Found a white marble altar of Elyvilon.
  4316 | D:6      | Found a hazy altar of Hepliaklqana.
  4319 | D:6      | Found a radiant altar of Vehumet.
  4358 | D:6      | Reached skill level 6 in Shapeshifting
  4387 | D:6      | Reached XP level 8. HP: 68/75 MP: 7/7
  4408 | D:6      | Found Zyiroa's Tiny Tomes.
  4458 | D:6      | Reached * piety under the Shining One
  4508 | D:6      | Reached skill level 1 in Invocations
  5116 | D:6      | Reached skill level 7 in Shapeshifting
  5229 | D:7      | Found Moapn's Book Boutique.
  5267 | D:7      | Reached XP level 9. HP: 60/84 MP: 9/9
  5302 | D:7      | Found Zialis's Mayhem Merchandise.
  5407 | D:7      | Noticed Menkaure
  6026 | D:7      | Noticed a komodo dragon
  6033 | D:7      | Killed a komodo dragon
  6034 | D:7      | Reached skill level 5 in Dodging
  6034 | D:7      | Reached skill level 8 in Shapeshifting
  6080 | D:7      | Reached skill level 5 in Fighting
  6098 | D:7      | Noticed a purple ugly thing
  6098 | D:7      | Reached ** piety under the Shining One
  6103 | D:7      | Killed a purple ugly thing
  6104 | D:7      | Reached XP level 10. HP: 68/96 MP: 11/11
  6143 | D:7      | Noticed Dowan
  6149 | D:7      | Killed Dowan
  6191 | D:7      | Noticed Duvessa
  6200 | D:7      | Killed Duvessa
  6402 | D:7      | Found an iron altar of Okawaru.
  6407 | D:7      | Killed Menkaure
  6765 | D:8      | Found a runed translucent gate.
  6765 | D:8      | Found a runed translucent gate.
  6767 | D:8      | Found a runed translucent gate.
  6767 | D:8      | Noticed soberseth's ghost (novice FeSu)
  6969 | D:8      | Found an opulent altar of Gozag.
  7154 | D:8      | Found a sparkling altar of Nemelex Xobeh.
  7546 | D:9      | Reached skill level 1 in Throwing
  7586 | D:9      | Reached skill level 9 in Shapeshifting
  7659 | D:9      | Found a staircase to the Lair.
  7741 | D:9      | Found a snail-covered altar of Cheibriados.
  7873 | D:9      | Found Kuklioc's Serpentskin Sales.
  8307 | D:9      | Identified the +2 dagger "Hellblazer" {freeze, rC++ MP-9
                  | Str+2 Dex+3}
  8368 | D:10     | Entered Level 10 of the Dungeon
  8368 | D:10     | Found a staircase to the Orcish Mines.
  8401 | D:10     | Noticed Erolcha
  8413 | D:10     | Killed Erolcha
  8513 | D:10     | Noticed a two-headed ogre
  8519 | D:10     | Killed a two-headed ogre
  8520 | D:10     | Reached skill level 5 in Invocations
  8520 | D:10     | Reached XP level 11. HP: 72/105 MP: 13/13
  9399 | D:11     | Noticed a deep elf pyromancer
  9406 | D:11     | Killed a deep elf pyromancer
  9458 | D:11     | Noticed a brown ugly thing
  9467 | D:11     | Killed a brown ugly thing
  9504 | D:11     | Noticed a cyan ugly thing
  9510 | D:11     | Reached skill level 10 in Shapeshifting
  9527 | D:11     | Killed a cyan ugly thing
  9624 | D:11     | Found Loitutuy's Firing Range.
  9629 | D:11     | Bought 4 large rocks for 78 gold pieces
  9629 | D:11     | Bought 3 boomerangs for 78 gold pieces
  9629 | D:11     | Bought 6 boomerangs for 156 gold pieces
 10268 | D:12     | Noticed Psyche
 10273 | D:12     | Killed Psyche
 10364 | D:12     | Noticed a skeletal warrior
 10364 | D:12     | Reached *** piety under the Shining One
 10365 | D:12     | Noticed a five-headed hydra
 10366 | D:12     | Noticed a skeletal warrior
 10369 | D:12     | Noticed a skeletal warrior
 10641 | Orc:1    | Entered Level 1 of the Orcish Mines
 10641 | Orc:1    | Found Gaicuox's Assorted Antiques.
 10654 | Orc:1    | Bought a scroll of identify for 48 gold pieces
 10654 | Orc:1    | Bought a scroll labelled OFUKU RID DEPEZU for 24 gold
                  | pieces
 10655 | Orc:1    | Bought a potion of lignification for 72 gold pieces
 10722 | Orc:1    | Noticed Sonja
 11074 | D:12     | Noticed a two-headed ogre
 11076 | D:12     | Noticed an ogre mage
 11098 | D:11     | Killed a two-headed ogre
 11270 | D:12     | Noticed a two-headed ogre
 11290 | D:12     | Noticed a two-headed ogre
 11294 | D:11     | Slain by an ogre

Illustrated notes

Levels and vault maps discovered:
D:1:      kennysheep_arrival_forest, layout_rooms,
          hellmonk_ecumenical_altar_defaced_shrine, serial_shops,
          nicolae_shop_back_alley_shop, nicolae_shop_behind_doors
D:2:      layout_rooms, serial_shops, nicolae_square_shop
D:3:      layout_basic, general_overflow_altar, uniq_grinder
D:4:      nicolae_cairo_tiling_very_big, layout_basic,
          mainiacjoe_overflow_alcove_2
D:5:      layout_gridville, minmay_temple_entry_butterflies
D:6:      layout_rooms, minmay_overflow_temple_star_hex,
          nicolae_shop_i_like_small_books_too, eino_tiny_chamber,
          minmay_alternating_orb
D:7:      minmay_opposing_rooms, layout_gridville, okawaru_altar_gauntlet_db,
          serial_shops, shop, palyth_stone_intersect, minmay_shop_mayhem,
          uniq_menkaure, uniq_duvessa
D:8:      layout_basic, mainiacjoe_overflow_chevrons, grunt_gozag_statues,
          gammafunk_ghost_split
D:9:      layout_small_grid, overflow_temple_1_default,
          due_lair_maze_entry_diamond, guppyfry_shop_venom
D:10:     layout_loops_corners, orc_0_dummy, uniq_erolcha
D:11:     layout_rooms, nicolae_shop_firing_range
D:12:     layout_cave_pools, ebering_ghost_inner_flame, uniq_psyche
Orc:1:    layout_diamond_mine, serial_shops, shop, nicolae_orc_minecarts,
          uniq_sonja, uniq_erica

Skill      XL: |  1  2  3  4  5  6  7  8  9 10 11 |
---------------+----------------------------------+-----
Fighting       | 1 2 3 4 5 6 |  6.6
Dodging        | 2 3 4 5 6 |  6.7
Unarmed Combat | 4 5 6 7 8 |  8.3
Shapeshifting  | 4 5 6 7 8 9 10 | 10.6
Invocations    | 2 3 5 |  5.8
Throwing       | 2 4 |  4.2

Action                     |  1- 3 |  4- 6 |  7- 9 | 10-12 || total
---------------------------+-------+-------+-------+-------++-------
  Melee: Unarmed           |    92 |   102 |   225 |   269 ||   688
         Punch             |     4 |     2 |     8 |    14 ||    28
  Throw: Dart              |       |     3 |       |     1 ||     4
         Javelin           |       |     2 |     2 |       ||     4
         Boomerang         |       |       |       |    11 ||    11
         Large rock        |       |       |       |     6 ||     6
         Throwing net      |       |       |       |     1 ||     1
 Invoke: Divine Shield     |       |       |     2 |     7 ||     9
Ability: Begin Untransform |       |       |     1 |       ||     1
  Evoke: Wand              |       |       |       |     2 ||     2
    Use: Potion            |       |     2 |       |     5 ||     7
         Scroll            |       |     1 |     2 |    18 ||    21
   Stab: Sleeping          |       |     1 |       |       ||     1
 Armour: Animal skin       |    76 |    90 |   128 |       ||   294
         Steam dragon scal |       |       |    74 |   225 ||   299
         Skin              |       |       |       |     5 ||     5
  Dodge: Dodged            |    55 |    58 |   149 |   162 ||   424
  Block: Other             |       |       |     2 |    15 ||    17
   Form: Beast             |       |       |     1 |       ||     1

Table legend: (Time is in decaauts)
 A = Elapsed time spent in this place.
 B = Non-inter-level travel time spent in this place.
 C = Inter-level travel time spent in this place.
 D = Time resting spent in this place.
 E = Time spent auto-exploring this place.
 F = Levels seen in this place.
 G = Mean time per level.
                   A        B        C        D        E       F      G
               +--------+--------+--------+--------+--------+-----+--------+
         Total |  11232 |  10724 |    508 |   1950 |   6331 |  13 |  864.0 |
       Dungeon |  11123 |  10616 |    507 |   1930 |   6290 |  12 |  926.9 |
  Orcish Mines |    108 |    108 |      0 |     20 |     41 |   1 |  108.0 |
               +--------+--------+--------+--------+--------+-----+--------+

Top non-repeatable levels by time:
     D:5: 1285 daAuts
    D:10: 1235 daAuts
    D:11: 1093 daAuts
     D:6: 1075 daAuts
     D:3: 1026 daAuts
     D:7: 985 daAuts
     D:9: 955 daAuts
     D:2: 908 daAuts
     D:4: 843 daAuts
     D:8: 810 daAuts
    D:12: 471 daAuts
     D:1: 433 daAuts
   Orc:1: 108 daAuts
